 Dungeon Crawl Stone Soup version 0.26.0-18-gc5c842f807 (webtiles) character file.

Game seed: 13572527784151993132

82 thiole the Sneak (level 4, 0/27 HPs)
             Began as an Octopode Hedge Wizard on Jan 23, 2021.
             Succumbed to goblin's curare-tipped dart
             ... on level 2 of the Dungeon.
             The game lasted 00:01:57 (2413 turns).

thiole the Sneak (Octopode Hedge Wizard)            Turns: 2413, Time: 00:01:58

Health: 0/27       AC:  1    Str:  9    XL:     4   Next: 43%
Magic:  4/9        EV: 13    Int: 17    God:
Gold:   103        SH:  0    Dex: 11    Spells: 1/9 levels left

rFire    . . .     SeeInvis .   i - +0 dagger (elec)
rCold    . . .     Faith    .   (no shield)
rNeg     . . .     Spirit   .   b - +0 hat
rPois    .         Reflect  .   (no amulet)
rElec    .         Harm     .   (no ring)
rCorr    .         Rampage  .   (no ring)
Will     .....                  (no ring)
Stlth    +++.......             (no ring)
HPRegen  0.09/turn              (no ring)
MPRegen  0.11/turn              (no ring)
                                (no ring)
                                (no ring)

@: lethally poisoned (0 -> -23), slowed, very slow
A: almost no armour, stealthy swim, amphibious, 8 rings, constrict 8, camouflage
1, gelatinous body 1
a: no special abilities


You were on level 2 of the Dungeon.
You visited 1 branch of the dungeon, and saw 2 of its levels.

You collected 103 gold pieces.

Inventory:

Hand Weapons
 a - a +0 dagger
 i - a +0 dagger of electrocution (weapon)
Armour
 b - a +0 hat (worn)
Jewellery
 h - an uncursed ring of poison resistance {unknown}
Scrolls
 c - 2 scrolls of teleportation
 d - 3 scrolls of identify {unknown}
 f - a scroll of magic mapping {unknown}
 j - a scroll of remove curse {unknown}
Potions
 e - a potion of curing {unknown}
 g - a potion of heal wounds {unknown}


   Skills:
 - Level 2.0 Dodging
 + Level 3.6 Stealth
 + Level 3.3 Spellcasting
 * Level 2.3 Conjurations
 - Level 2.0 Summonings
 - Level 1.0 Translocations
 * Level 1.1 Air Magic


You had one spell level left.
You knew the following spells:

 Your Spells              Type           Power        Failure   Level
a - Magic Dart            Conj           40%          6%          1
b - Call Imp              Summ           9%           11%         2
c - Blink                 Tloc           N/A          17%         2
d - Mephitic Cloud        Conj/Pois/Air  6%           30%         3

Your spell library contained the following spells:

 Spells                   Type           Power        Failure   Level
 Slow                     Hex            2%           26%         2
 Conjure Flame            Conj/Fire      6%           30%         3


Dungeon Overview and Level Annotations

Branches:
Dungeon (2/15)

Altars:
Ashenzari


Innate Abilities, Weirdness & Mutations

You cannot wear most types of armour.
You are very stealthy in the water. (Stealth+)
You are amphibious.
You can wear up to eight rings at the same time.
You can use your tentacles to constrict eight enemies at once.
Your skin changes colour to match your surroundings (Stealth+).
Your rubbery body absorbs attacks. (AC +1, EV +1)


Message History

You feel as though you will be slow longer.
Casting: Magic Dart (safe; 6% risk of failure)
Confirm with . or Enter, or press ? or * to list all spells.
Aiming: Magic Dart (safe; 6% risk of failure)
Press: ? - help, Shift-Dir - straight line, f/p - goblin
Aim: a goblin, wielding a +0 spear, wearing a +0 ring mail and quivering a curare-tipped dart (severely wounded, 0% to evade)
The magic dart hits the goblin but does no damage.
The goblin is severely wounded.
* * * LOW HITPOINT WARNING * * *
You feel very sick.
The goblin throws a curare-tipped dart.
The curare-tipped dart barely misses you.
Casting: Magic Dart (safe; 6% risk of failure)
Confirm with . or Enter, or press ? or * to list all spells.
Aiming: Magic Dart (safe; 6% risk of failure)
Press: ? - help, Shift-Dir - straight line, f/p - goblin
Aim: a goblin, wielding a +0 spear and wearing a +0 ring mail (moderately wounded, 0% to evade)
The magic dart hits the goblin but does no damage.
The goblin is moderately wounded.
You die...

##...#..................##.# ####
#...>..................##.# #...
#...#..................##.# #.##
###.##.#######...#####.#...###.##
....#...## #...# #.#.......##
..##.#.#.## #...# #.#...###.#
#.#....##.# #...# #.#..####.##
#.##.###.## #...# #.#..#......
...#..#.## #..@# #.#..#.##.##
#..#.#.## #...# #.........#
...#.### ....... ####...####
.....# #.##.....# ##### ##.###
....(.#. ##.# ..#.....## ...#
#.g#.#... #### #. #.....


You could see a goblin.

Vanquished Creatures
  Natasha (D:2)
  An ooze (D:2)
  A worm (D:2)
  A leopard gecko (D:1)
  5 bats
  2 giant cockroaches
  8 goblins
  7 hobgoblins
  A quokka (D:2)
  3 frilled lizards
  9 kobolds
  7 rats (D:1)
46 creatures vanquished.

Notes
Turn   | Place    | Note
-------+----------+-------------------------------------------
     0 | D:1      | thiole the Octopode Hedge Wizard began the quest for the
                  | Orb.
     0 | D:1      | Reached XP level 1. HP: 11/11 MP: 4/4
   182 | D:1      | Reached XP level 2. HP: 17/17 MP: 1/6
   751 | D:1      | Reached XP level 3. HP: 21/21 MP: 4/7
  1328 | D:1      | Learned a level 2 spell: Call Imp
  1331 | D:1      | Learned a level 2 spell: Blink
  1335 | D:1      | Learned a level 3 spell: Mephitic Cloud
  1813 | D:2      | Found a broken altar of Ashenzari.
  2170 | D:2      | Reached XP level 4. HP: 27/27 MP: 5/8
  2330 | D:2      | Noticed Natasha
  2338 | D:2      | Killed Natasha
  2339 | D:2      | Reached skill level 1 in Air Magic
  2413 | D:2      | Succumbed to goblin's curare-tipped dart

Illustrated notes

Levels and vault maps discovered:
D:1:      lightli_arrival_windingriver, layout_basic, minmay_tromino_i2
D:2:      layout_loops_cross, nicolae_overflow_crystal_walls, uniq_natasha

Skill      XL: |  1  2  3  4 |
---------------+-------------+-----
Stealth        | 3 |  3.6
Summonings     | 2 |  2.0
Conjurations   | 2 |  2.3
Air Magic      | 1 |  1.1
Dodging        | |  2.0
Spellcasting   | |  3.3
Translocations | |  1.0

Action                   |  1- 3 |  4- 6 || total
-------------------------+-------+-------++-------
Melee: Dagger            |    12 |       ||    12
       Constrict         |     5 |       ||     5
       Tentacles         |     3 |       ||     3
 Cast: Magic Dart        |   106 |    12 ||   118
  Use: Scroll            |     1 |       ||     1
 Stab: Sleeping          |     1 |       ||     1
Armor: Skin              |     2 |       ||     2
Dodge: Dodged            |     9 |     3 ||    12
